 Dungeon Sprint DCSS version 0.18.1-6-gd335043 (webtiles) character file.

117429 Kidiri the Imperceptible (level 15, -14/81 HPs)
             Began as a Spriggan Enchanter on May 15, 2016.
             Was the Champion of Dithmenos.
             Demolished by a guardian mummy (18 damage)
             ... while paralysed
             ... in the Dungeon (Sprint III: "The Ten Rune Challenge").
             The game lasted 00:50:20 (10709 turns).

Kidiri the Imperceptible (Spriggan Enchanter)      Turns: 10709, Time: 00:50:21

Health: -14/81     AC: 11    Str:  1 (5)  XL:     15   Next: 49%
Magic:  46/61      EV:  4    Int: 30      God:    Dithmenos [******]
Gold:   283        SH:  0    Dex: 22      Spells: 15 memorised, 2 levels left

rFire  . . .     SeeInvis +     v - +6 quick blade "Quoziuc" {holy, MR+ MP+9}
rCold  + . .     Gourm    .     u - +2 robe {rC+}
rNeg   . . .     Faith    .     (shield restricted)
rPois  +         Spirit   .     p - +2 hat {Int+3}
rElec  .         Dismiss  .     k - +0 cloak
rCorr  .         Reflect  .     (gloves unavailable)
SustAt .         Harm     +     (boots unavailable)
MR     +++++     NoTele   +     F - amulet "Dach" {Harm *Drain rPois Int+4 SInv}
Stlth  ++++++++++               s - ring of the Octopus King {MP+9 AC+1 EV+1 Str+1 Int+1 Dex+1}
                                A - ring of the Mage {Wiz MR++ Int+3}

@: paralysed, slowed, lost strength, wreathed by umbra, very quick, almost
entirely resistant to hostile enchantments, uncannily stealthy
A: unfitting armour, large bone plates 1, see invisible, herbivore 3, speed 3,
high mp 1, mutation resistance 1, slow metabolism 2
a: Shadow Step, Shadow Form, Renounce Religion
}: 2/10 runes: decaying, serpentine


You were in the Dungeon.
You worshipped Dithmenos.
Dithmenos was exalted by your worship.
You were not hungry.

You visited 1 branch You collected 1930 gold pieces.
You spent 1647 gold pieces at shops.

Inventory:

Hand Weapons
 v - the +6 quick blade "Quoziuc" (weapon) {holy, MR+ MP+9}
   (You found it in the Dungeon)

   It has been blessed by the Shining One to cause great damage to the undead
   and demons.
   It affects your resistance to hostile enchantments.
   It affects your magic capacity (+9).
 D - the +12 rapier of the Nine Planets {pierce, Dex+6}
   (You found it in the Dungeon)

   It inflicts extra damage upon your enemies.
   It affects your dexterity (+6).
Missiles
 l - 11 throwing nets (quivered)
Armour
 f - a +2 robe of poison resistance
 k - a +0 cloak (worn)
 p - a +2 hat of intelligence (worn)
 u - a +2 robe of cold resistance (worn)
Jewellery
 s - a ring of the Octopus King (right hand) {MP+9 AC+1 EV+1 Str+1 Int+1 Dex+1}
   (You took it off a deep elf annihilator in the Dungeon)

   [ring of magical power]

   It affects your AC (+1).
   It affects your evasion (+1).
   It affects your strength (+1).
   It affects your intelligence (+1).
   It affects your dexterity (+1).
   It affects your magic capacity (+9).
 w - a +5 ring of slaying
 y - the ring "Viwog" {rC+ rN+}
   (You took it off a deep elf death mage in the Dungeon)

   [ring of positive energy]

   It protects you from cold.
   It protects you from negative energy.
 A - the ring of the Mage (left hand) {Wiz MR++ Int+3}
   (You took it off a deep elf master archer in the Dungeon)

   [ring of wizardry]

   It improves your spell success rate.
   It affects your intelligence (+3).
   It affects your resistance to hostile enchantments.
 F - the amulet "Dach" (around neck) {Harm *Drain rPois Int+4 SInv}
   (You found it in the Dungeon)

   [amulet of harm]

   It increases damage dealt and taken.
   It affects your intelligence (+4).
   It protects you from poison.
   It lets you see invisible.
Wands
 h - a wand of confusion (17/48)
 i - a wand of polymorph (16/24)
 C - a wand of acid (3/15)
Scrolls
 j - a scroll of blinking
 n - a scroll of magic mapping {unknown}
 o - 2 scrolls of remove curse {unknown}
 x - 5 scrolls of amnesia
 z - a scroll of identify
 B - a scroll of silence {unknown}
Potions
 e - 2 potions of curing
 g - 2 potions of haste
 q - 4 potions of cure mutation
 r - 2 potions of flight
 t - 2 potions of cancellation
Books
 a - a book of Burglary

   Spells                             Type                      Level
   a - Swiftness                      Charms/Air                   2
   b - Passwall                       Transmutation/Earth          2
   c - Passage of Golubria            Translocation                4
   d - Lee's Rapid Deconstruction     Earth                        5
   e - Darkness                       Hexes                        6
   f - Invisibility                   Hexes                        6
 E - a book of Misfortune

   Spells                             Type                      Level
   a - Confusing Touch                Hexes                        2
   b - Confuse                        Hexes                        3
   c - Gell's Gravitas                Hexes/Translocation          3
   d - Petrify                        Transmutation/Earth          4
   e - Metabolic Englaciation         Hexes/Ice                    5
   f - Yara's Violent Unravelling     Hexes/Transmutation          5
Miscellaneous
 c - an ornate deck of changes
 G - a plain deck of summoning
 I - a disc of storms
Comestibles
 b - 3 fruits
 d - 2 bread rations
 m - 28 royal jellies


   Skills:
 + Level 10.6 Fighting
 * Level 18.2 Short Blades
 + Level 9.8 Armour
 * Level 22.6 Dodging
 * Level 24.2 Stealth
 * Level 19.9 Spellcasting
 + Level 9.8 Conjurations
 + Level 15.0 Hexes
 - Level 4.4 Translocations
 + Level 10.7 Ice Magic
 + Level 6.0 Air Magic
 + Level 5.7 Earth Magic
 + Level 6.6 Poison Magic
 - Level 3.0 Invocations
 + Level 15.0 Evocations


You had 2 spell levels left.
You knew the following spells:

 Your Spells              Type           Power        Failure   Level  Hunger
a - Corona                Hex            #######      0%          1    None
b - Ensorcelled Hibernat  Hex/Ice        ######       0%          2    None
c - Confuse               Hex            #######.     0%          3    None
d - Tukima's Dance        Hex            #######.     0%          3    None
e - Dazzling Spray        Conj/Hex       #######.     1%          3    None
f - Apportation           Tloc           ######....   1%          1    None
g - Shroud of Golubria    Chrm/Tloc      #####.....   1%          2    None
h - Passage of Golubria   Tloc           N/A          1%          4    None
i - Cure Poison           Pois           ######....   1%          2    None
j - Invisibility          Hex            #######.     1%          6    None
k - Venom Bolt            Conj/Pois      ######....   1%          5    None
l - Bolt of Cold          Conj/Ice       ######....   1%          6    None
m - Freezing Cloud        Conj/Ice/Air   ######....   3%          6    None
n - Passwall              Trmt/Erth      #####.....   1%          2    None
o - Lee's Rapid Deconstr  Erth           ######....   1%          5    None


Dungeon Overview and Level Annotations

Branches:
Dungeon (1/1)

Altars:
Cheibriados
Dithmenos
Elyvilon
Fedhas
Gozag
Kikubaaqudgha
Makhleb
Nemelex Xobeh
Okawaru
Pakellas
Qazlal
Ru
Sif Muna
Trog
Vehumet
Xom
Yredelemnul
Zin
The Shining One
Beogh
Jiyva
Lugonu

Shops:
D !:[:[%%:?:=}??[%(=!

Annotations:
D exclusion: 2 doors


Innate Abilities, Weirdness & Mutations

You are tiny and cannot use many weapons and most armour.
You have supernaturally acute eyesight.
You are a herbivore.
You cover ground extremely quickly.
You need consume almost no food.
You are partially covered in large bone plates (AC +2, SH +2).
You have an increased reservoir of magic (+10% MP).
You are somewhat resistant to further mutation.


Message History

You feel extremely nervous for a moment...
You feel weakened.
You have lost your strength.
Your Hexes skill increases to level 15!
Your Air Magic skill increases to level 6!
Your Evocations skill increases to level 15!
You feel your strength returning.
The spray of energy hits the sphinx.
The sphinx is severely wounded.
The neqoxec disappears in a puff of smoke!
The flayed ghost disappears in a puff of smoke!
The jiangshi disappears in a puff of smoke!
The sphinx casts a spell.
Something smites you! The sphinx completely misses you. The sphinx hits you.
The sphinx hits you!
* * * LOW HITPOINT WARNING * * *
The sphinx hits you!
* * * LOW HITPOINT WARNING * * *
The sphinx hits you but does no damage. x2
The guardian mummy hits you!
You die...

#'#+#+#+#+#+#+#+#+#
#.#)#.#.#)#.#[#.#.#
▓'▓▓▓▓▓▓▓▓▓▓▓▓▓▓▓▓▓
▓..# ▓..# ▓..# ▓§§#
▓§§# ▓§@# ▓HM# ▓§§#
▓..# ▓..+ ▓###


You could see a sphinx and a guardian mummy.

Vanquished Creatures
  Frederick (D)
  Sigmund (D)
  Xtahua (D)
  5 bone dragons (D)
  Rupert (D)
  A lich (D)
  A deep elf master archer (D)
  A sphinx (D)
  Gastronok (D)
  Chuck (D)
  2 shadow dragons (D)
  A greater naga (D)
  Maud (D)
  2 dire elephants (D)
  A vampire knight (D)
  A deep elf annihilator (D)
  2 deep elf demonologists (D)
  A deep elf death mage (D)
  A yaktaur captain (D)
  A deep elf high priest (D)
  2 mummy priests (D)
  7 fire dragons (D)
  A naga warrior (D)
  Erolcha (D)
  An ogre mage (D)
  3 hydras (D)
  6 anacondas (D)
  A centaur warrior (D)
  4 death yaks (D)
  4 dancing weapons (D)
  2 orc high priests (D)
  A shock serpent (shapeshifter) (D)
  2 deep elf knights (D)
  A death drake (D)
  A spriggan druid (D)
  An anubis guard (shapeshifter) (D)
  A lindwurm (D)
  A lindwurm (shapeshifter) (D)
  2 obsidian statues (D)
  4 ugly things (D)
  A shining eye (shapeshifter) (D)
  5 deep elf magi (D)
  2 elephants (D)
  3 black mambas (D)
  An eye of devastation (shapeshifter) (D)
  A guardian serpent (D)
  Edmund (D)
  A komodo dragon (D)
  2 spiny frogs (D)
  A rime drake (D)
  7 guardian mummies (D)
  3 wandering mushrooms (D)
  4 spriggan defenders (D)
  A queen bee (D)
  2 giant leeches (D)
  8 blink frogs (D)
  3 slime creatures (D)
  2 spriggans (D)
  5 redbacks (D)
  A shadow (D)
  A spatial vortex (D)
  2 hill giants (D)
  2 nagas (D)
  A swamp worm (shapeshifter) (D)
  2 hell hounds (D)
  A swamp drake (D)
  4 water moccasins (D)
  A giant eyeball (shapeshifter) (D)
  2 orc warriors (D)
  A necrophage (D)
  2 two-headed ogres (D)
  A water elemental (D)
  32 killer bees (D)
  An electric eel (D)
  A jelly (D)
  5 orc priests (D)
  A wizard (D)
  Crazy Yiuf (D)
  Jessica (D)
  4 necromancers (D)
  An orc wizard (D)
  3 humans (D)
  A kobold demonologist (D)
  7 adders (D)
  3 adder zombies (D)
  11 orcs (D)
  A kobold (D)
  3 rats (D)
  11 plants (D)
234 creatures vanquished.

Vanquished Creatures (collateral kills)
  A two-headed ogre (D)
1 creature vanquished.

Vanquished Creatures (others)
  2 draconian scorchers (D)
  3 yaktaurs (D)
  2 dancing weapons (D)
  A bush (D)
  14 plants (D)
22 creatures vanquished.

Grand Total: 257 creatures vanquished

Notes
Turn   | Place    | Note
--------------------------------------------------------------
     0 | D        | Kidiri the Spriggan Enchanter began the quest for the Orb.
     0 | D        | Reached XP level 1. HP: 9/9 MP: 5/5
    45 | D        | Noticed Jessica
    61 | D        | Killed a yaktaur
   148 | D        | Killed Jessica
   148 | D        | Reached skill level 1 in Fighting
   148 | D        | Reached skill level 6 in Stealth
   148 | D        | Reached XP level 2. HP: 7/14 MP: 4/7
   152 | D        | Learned a level 2 spell: Ensorcelled Hibernation
   253 | D        | Killed a white draconian scorcher
   338 | D        | Noticed Crazy Yiuf
   348 | D        | Killed Crazy Yiuf
   348 | D        | Reached skill level 1 in Armour
   348 | D        | Reached skill level 5 in Dodging
   348 | D        | Reached XP level 3. HP: 12/18 MP: 3/9
   355 | D        | Killed a white draconian scorcher
   367 | D        | Learned a level 3 spell: Confuse
   371 | D        | Learned a level 3 spell: Dazzling Spray
   481 | D        | Reached XP level 4. HP: 22/22 MP: 1/11
   486 | D        | Learned a level 3 spell: Tukima's Dance
   514 | D        | Gained mutation: Your magical capacity is low (-10% MP). [potion of mutation]
   514 | D        | Gained mutation: You possess an exceptional clarity of mind. [potion of mutation]
   514 | D        | Gained mutation: Your flesh is heat resistant. [potion of mutation]
   515 | D        | Gained mutation: You have a pair of small antennae on your head. [potion of mutation]
   515 | D        | Gained mutation: You are partially covered in large bone plates (AC +2, SH +2). [potion of mutation]
   571 | D        | Noticed a water elemental
   574 | D        | Killed a water elemental
   574 | D        | Reached skill level 7 in Stealth
   574 | D        | Reached skill level 5 in Spellcasting
   574 | D        | Reached skill level 1 in Conjurations
   574 | D        | Reached skill level 1 in Ice Magic
   587 | D        | Noticed a shadow
   612 | D        | Killed a shadow
   612 | D        | Reached skill level 5 in Short Blades
   612 | D        | Reached skill level 9 in Stealth
   612 | D        | Reached skill level 5 in Hexes
   612 | D        | Reached XP level 5. HP: 27/27 MP: 0/13
   612 | D        | Reached XP level 6. HP: 32/32 MP: 0/14
   736 | D        | Found an oddly glowing altar of Pakellas.
   736 | D        | Found a stormy altar of Qazlal.
   736 | D        | Noticed a spatial vortex
   737 | D        | Found a sacrificial altar of Ru.
   737 | D        | Found a burning altar of Makhleb.
   737 | D        | Found a viscous altar of Jiyva.
   737 | D        | Found a shimmering altar of Xom.
   737 | D        | Found a shadowy altar of Dithmenos.
   737 | D        | Found a sparkling altar of Nemelex Xobeh.
   737 | D        | Found a corrupted altar of Lugonu.
   737 | D        | Found an opulent altar of Gozag.
   741 | D        | Became a worshipper of Dithmenos the Shadowed
   891 | D        | Killed a spatial vortex
   891 | D        | Reached skill level 1 in Invocations
   891 | D        | Reached skill level 1 in Evocations
  1009 | D        | Found a radiant altar of Vehumet.
  1010 | D        | Found a deep blue altar of Sif Muna.
  1010 | D        | Found an ancient bone altar of Kikubaaqudgha.
  1013 | D        | Reached * piety under Dithmenos
  1029 | D        | Found a glowing silver altar of Zin.
  1030 | D        | Found a glowing golden altar of the Shining One.
  1030 | D        | Found a white marble altar of Elyvilon.
  1030 | D        | Noticed a deep elf mage
  1032 | D        | Killed a deep elf mage
  1032 | D        | Reached skill level 10 in Dodging
  1032 | D        | Reached skill level 11 in Stealth
  1032 | D        | Reached XP level 7. HP: 36/36 MP: 16/18
  1043 | D        | Found an iron altar of Okawaru.
  1044 | D        | Found a bloodstained altar of Trog.
  1044 | D        | Noticed a human
  1044 | D        | Noticed a human
  1052 | D        | Killed a human
  1054 | D        | Killed a human
  1054 | D        | Reached ** piety under Dithmenos
  1054 | D        | Reached XP level 8. HP: 42/42 MP: 10/19
  1067 | D        | Found a snail-covered altar of Cheibriados.
  1068 | D        | Found a basalt altar of Yredelemnul.
  1068 | D        | Found a blossoming altar of Fedhas.
  1282 | D        | Reached *** piety under Dithmenos
  1444 | D        | Reached skill level 12 in Stealth
  1450 | D        | Noticed Erolcha
  1452 | D        | Killed Erolcha
  1452 | D        | Reached skill level 10 in Spellcasting
  1452 | D        | Reached skill level 5 in Evocations
  1452 | D        | Reached XP level 9. HP: 46/46 MP: 21/21
  1464 | D        | Reached **** piety under Dithmenos
  1464 | D        | Reached skill level 13 in Stealth
  1666 | D        | Noticed a queen bee
  1668 | D        | Killed a queen bee
  1679 | D        | Reached ***** piety under Dithmenos
  2059 | D        | Reached ****** piety under Dithmenos
  2063 | D        | Reached skill level 5 in Fighting
  2209 | D        | Reached skill level 14 in Stealth
  2217 | D        | Reached XP level 10. HP: 51/51 MP: 13/23
  2233 | D        | Reached skill level 10 in Short Blades
  2233 | D        | Reached skill level 5 in Ice Magic
  2535 | D        | Noticed a spiny frog
  2535 | D        | Noticed a spiny frog
  2539 | D        | Killed a spiny frog
  2542 | D        | Killed a spiny frog
  2542 | D        | Reached skill level 5 in Armour
  2576 | D        | Reached skill level 15 in Stealth
  2578 | D        | Reached skill level 5 in Conjurations
  2585 | D        | Noticed a lindwurm
  2588 | D        | Killed a lindwurm
  2598 | D        | Noticed Maud
  2600 | D        | Killed Maud
  2600 | D        | Reached XP level 11. HP: 56/56 MP: 20/25
  2627 | D        | Noticed a four-headed hydra
  2627 | D        | Noticed an eight-headed hydra
  2630 | D        | Killed a four-headed hydra
  2630 | D        | Reached skill level 16 in Stealth
  2631 | D        | Killed an eight-headed hydra
  2676 | D        | Noticed a death drake
  2678 | D        | Killed a death drake
  2678 | D        | Reached skill level 10 in Hexes
  2701 | D        | Found a blossoming altar of Fedhas.
  2701 | D        | Noticed a spriggan druid
  2704 | D        | Killed a spriggan druid
  2704 | D        | Reached skill level 15 in Dodging
  2786 | D        | Noticed an anaconda
  2786 | D        | Noticed an anaconda
  2788 | D        | Killed an anaconda
  2793 | D        | Killed an anaconda
  2836 | D        | Noticed an anaconda
  2836 | D        | Noticed an anaconda
  2844 | D        | Killed an anaconda
  2844 | D        | Reached skill level 17 in Stealth
  2849 | D        | Killed an anaconda
  2912 | D        | Noticed an anaconda
  2912 | D        | Noticed an anaconda
  3002 | D        | Killed an anaconda
  3003 | D        | Killed an anaconda
  3003 | D        | Reached XP level 12. HP: 62/62 MP: 23/28
  3058 | D        | Noticed a naga warrior
  3058 | D        | Noticed a greater naga
  3058 | D        | Found Gaeruiga's Book Shop.
  3058 | D        | Found Gaak's Antique Armour Shoppe.
  3058 | D        | Found Jaadgh's Food Boutique.
  3193 | D        | Killed a naga warrior
  3193 | D        | Reached skill level 10 in Evocations
  3212 | D        | Killed a greater naga
  3366 | D        | Reached skill level 18 in Stealth
  3368 | D        | Got a serpentine rune of Zot
  3577 | D        | Noticed Rupert
  3582 | D        | Killed Rupert
  3582 | D        | Reached skill level 15 in Spellcasting
  3588 | D        | Noticed a death yak
  3589 | D        | Noticed a death yak
  3594 | D        | Noticed a death yak
  3596 | D        | Noticed a death yak
  3597 | D        | Killed a death yak
  3707 | D        | Killed a death yak
  3715 | D        | Killed a death yak
  3867 | D        | Killed a death yak
  3881 | D        | Reached skill level 19 in Stealth
  4010 | D        | Noticed an azure jelly
  4010 | D        | Noticed an azure jelly
  4114 | D        | Noticed a fire dragon
  4128 | D        | Killed a fire dragon
  4129 | D        | Noticed a fire dragon
  4131 | D        | Killed a fire dragon
  4132 | D        | Noticed a fire dragon
  4256 | D        | Noticed a fire dragon
  4259 | D        | Noticed a fire dragon
  4260 | D        | Found Reakukhliown's Distillery.
  4260 | D        | Found Yqasusk's Book Boutique.
  4260 | D        | Found Zemiekae's Antique Armour Emporium.
  4260 | D        | Noticed a fire dragon
  4270 | D        | Killed a fire dragon
  4274 | D        | Killed a fire dragon
  4281 | D        | Killed a fire dragon
  4281 | D        | Reached XP level 13. HP: 57/68 MP: 5/30
  4512 | D        | Killed a fire dragon
  4619 | D        | Noticed Xtahua
  4620 | D        | Lost mutation: Your magical capacity is low (-10% MP). [potion of cure mutation]
  4620 | D        | Lost mutation: You possess an exceptional clarity of mind. [potion of cure mutation]
  4620 | D        | Lost mutation: Your flesh is heat resistant. [potion of cure mutation]
  4620 | D        | Lost mutation: You have a pair of small antennae on your head. [potion of cure mutation]
  4622 | D        | Killed Xtahua
  4628 | D        | Got a decaying rune of Zot
  4761 | D        | Noticed an azure jelly
  4761 | D        | Noticed an azure jelly
  4762 | D        | Noticed a dire elephant
  4762 | D        | Noticed a dire elephant
  4762 | D        | Noticed Gastronok
  4785 | D        | Killed a dire elephant
  4964 | D        | Killed a dire elephant
  4964 | D        | Reached skill level 20 in Stealth
  5270 | D        | Killed Gastronok
  5270 | D        | Reached skill level 15 in Short Blades
  5293 | D        | Gained mutation: You are somewhat resistant to further mutation. [potion of mutation]
  5293 | D        | Gained mutation: You have an increased reservoir of magic (+10% MP). [potion of mutation]
  5514 | D        | Found Kirus's Food Boutique.
  5515 | D        | Found a roughly hewn altar of Beogh.
  5954 | D        | Bought a book of Spatial Translocations for 715 gold pieces
  6090 | D        | Bought a glowing robe for 16 gold pieces
  6090 | D        | Bought a runed robe for 16 gold pieces
  6254 | D        | Learned a level 1 spell: Apportation
  6257 | D        | Learned a level 2 spell: Shroud of Golubria
  6262 | D        | Learned a level 4 spell: Passage of Golubria
  6284 | D        | Reached skill level 1 in Translocations
  6404 | D        | Noticed a deep elf demonologist
  6410 | D        | Noticed a deep elf demonologist
  6560 | D        | Noticed a deep elf annihilator
  6578 | D        | Noticed a Hell Sentinel
  6580 | D        | Noticed a deep elf death mage
  6608 | D        | Noticed a deep elf master archer
  7290 | D        | Killed a deep elf demonologist
  7337 | D        | Noticed a balrug
  7476 | D        | Noticed an Ice Fiend
  7904 | D        | Killed a deep elf death mage
  8316 | D        | Noticed a cacodemon
  8427 | D        | Noticed a cacodemon
  8432 | D        | Killed a deep elf demonologist
  8511 | D        | Killed a deep elf annihilator
  8511 | D        | Reached skill level 21 in Stealth
  8517 | D        | Got a ring of the Octopus King
  8518 | D        | Identified a ring of the Octopus King {MP+9 AC+1 EV+1 Str+1 Int+1 Dex+1} (You took it off a deep elf annihilator in the Dungeon)
  8621 | D        | Got a scintillating lapis lazuli ring
  8638 | D        | Identified the ring "Viwog" {rC+ rN+} (You took it off a deep elf death mage in the Dungeon)
  8654 | D        | Killed a deep elf master archer
  8667 | D        | Got an ichor-stained chain mail
  8852 | D        | Identified Ruobbepn's Disquisition on Toxins
  8861 | D        | Got a wavering amethyst amulet
  8869 | D        | Identified the amulet "Dach" {Harm *Drain rPois Int+4 SInv} (You found it in the Dungeon)
  8953 | D        | Learned a level 2 spell: Cure Poison
  8961 | D        | Learned a level 6 spell: Invisibility
  8970 | D        | Learned a level 5 spell: Venom Bolt
  8979 | D        | Learned a level 6 spell: Bolt of Cold
  8986 | D        | Learned a level 6 spell: Freezing Cloud
  9034 | D        | Noticed Sigmund
  9034 | D        | Noticed Edmund
  9036 | D        | Killed Sigmund
  9036 | D        | Reached skill level 1 in Air Magic
  9036 | D        | Reached skill level 1 in Poison Magic
  9036 | D        | Reached XP level 14. HP: 75/75 MP: 40/40
  9038 | D        | Killed Edmund
  9143 | D        | Found Agrixt's Magic Scroll Emporium.
  9143 | D        | Found Hip Ock's Antique Armour Shop.
  9143 | D        | Found Viyclu's Jewellery Boutique.
  9143 | D        | Found Ahakahe's Distillery.
  9143 | D        | Found Asicimas's Gadget Boutique.
  9143 | D        | Found Xites's Magic Scroll Emporium.
  9143 | D        | Found Vaithuhua's Book Shoppe.
  9143 | D        | Found Vaidd's Jewellery Shop.
  9143 | D        | Found Runn's Magic Scroll Shop.
  9143 | D        | Found Niphobb's Antique Weapon Emporium.
  9143 | D        | Found Duvigret's Book Emporium.
  9143 | D        | Found Ydoid's Food Boutique.
  9158 | D        | Bought a book of Burglary for 900 gold pieces
  9166 | D        | Learned a level 2 spell: Passwall
  9269 | D        | Reached skill level 1 in Earth Magic
  9350 | D        | Reached skill level 22 in Stealth
  9354 | D        | Got a dazzling quick blade
  9354 | D        | Got a steaming rapier
  9355 | D        | Identified the +6 quick blade "Quoziuc" {holy, MR+ MP+9} (You found it in the Dungeon)
  9356 | D        | Identified the +12 rapier of the Nine Planets {pierce, Dex+6} (You found it in the Dungeon)
  9515 | D        | Noticed Chuck
  9730 | D        | Killed Chuck
  9872 | D        | Noticed Frederick
  9881 | D        | Killed Frederick
  9914 | D        | Noticed a lich
  9916 | D        | Killed a lich
  9926 | D        | Reached skill level 10 in Ice Magic
  9930 | D        | Noticed a shadow dragon
  9930 | D        | Noticed a shadow dragon
  9932 | D        | Killed a shadow dragon
  9934 | D        | Reached skill level 10 in Fighting
  9936 | D        | Killed a shadow dragon
  9987 | D        | Reached skill level 23 in Stealth
  9987 | D        | Reached skill level 5 in Poison Magic
 10161 | D        | Noticed a vampire knight
 10167 | D        | Killed a vampire knight
 10192 | D        | Noticed a bone dragon
 10194 | D        | Killed a bone dragon
 10194 | D        | Reached XP level 15. HP: 80/80 MP: 42/42
 10200 | D        | Noticed a bone dragon
 10202 | D        | Killed a bone dragon
 10202 | D        | Reached skill level 5 in Air Magic
 10234 | D        | Noticed a bone dragon
 10236 | D        | Killed a bone dragon
 10423 | D        | Noticed a bone dragon
 10425 | D        | Killed a bone dragon
 10425 | D        | Reached skill level 5 in Earth Magic
 10434 | D        | Learned a level 5 spell: Lee's Rapid Deconstruction
 10462 | D        | Noticed a bone dragon
 10464 | D        | Killed a bone dragon
 10464 | D        | Reached skill level 24 in Stealth
 10467 | D        | Noticed a sphinx
 10467 | D        | Noticed a sphinx
 10701 | D        | Killed a sphinx
 10707 | D        | Lost strength.
 10707 | D        | Reached skill level 15 in Hexes
 10707 | D        | Reached skill level 15 in Evocations
 10708 | D        | HP: 4/81 [sphinx (11)]
 10709 | D        | Demolished by a guardian mummy

Skill      XL: |  1  2  3  4  5  6  7  8  9 10 11 12 13 14 15 |
---------------+----------------------------------------------+-----
Fighting       | 1 2 3 4 5 6 8 9 10 | 10.6
Short Blades   | 2 3 5 7 8 9 11 12 14 16 17 18 | 18.2
Dodging        | 4 5 7 10 11 12 14 16 17 20 21 22 | 22.6
Stealth        | 6 9 11 12 14 15 17 19 21 23 24 | 24.2
Spellcasting   | 3 4 6 8 10 11 12 14 15 17 19 | 19.9
Hexes          | 4 5 6 7 8 9 10 12 13 14 15 | 15.0
Armour         | 1 2 3 4 5 6 7 8 9 |  9.8
Conjurations   | 1 2 3 4 5 6 7 8 9 |  9.8
Ice Magic      | 2 3 4 5 7 8 9 10 | 10.7
Invocations    | 2 3 |  3.0
Evocations     | 3 5 6 8 9 11 13 14 15 | 15.0
Translocations | 4 |  4.4
Air Magic      | 1 4 6 |  6.0
Poison Magic   | 1 5 6 |  6.6
Earth Magic    | 4 5 |  5.7

Action                   |  1- 3 |  4- 6 |  7- 9 | 10-12 | 13-15 || total
-------------------------+-------+-------+-------+-------+-------++-------
Melee: Dagger            |    24 |    20 |    60 |   192 |    12 ||   308
       Short sword       |       |       |       |       |    36 ||    36
       Rapier            |       |       |       |       |    22 ||    22
       Quick blade       |       |       |       |       |    41 ||    41
Throw: Throwing net      |       |       |       |     2 |       ||     2
 Cast: Corona            |     3 |       |       |       |       ||     3
       Ensorcelled Hiber |     3 |     1 |    36 |    44 |    14 ||    98
       Confuse           |     1 |       |     1 |     2 |     4 ||     8
       Dazzling Spray    |       |    15 |    12 |    40 |   149 ||   216
       Tukima's Dance    |       |       |     6 |       |     5 ||    11
       Apportation       |       |       |       |       |    29 ||    29
       Passage of Golubr |       |       |       |       |     6 ||     6
       Shroud of Golubri |       |       |       |       |     1 ||     1
       Freezing Cloud    |       |       |       |       |     3 ||     3
       Bolt of Cold      |       |       |       |       |     2 ||     2
       Venom Bolt        |       |       |       |       |     1 ||     1
Invok: Shadow Step       |       |       |       |    12 |    15 ||    27
  Use: Potion            |       |     3 |     1 |     1 |     3 ||     8
       Scroll            |       |     3 |       |       |     2 ||     5
 Stab: Sleeping          |     5 |     5 |    30 |    52 |    62 ||   154
       Confused          |       |       |     2 |     3 |     1 ||     6
       Invisible         |       |       |     4 |     9 |     8 ||    21
       Distracted        |       |       |       |     1 |       ||     1
       Held in net/web   |       |       |       |     4 |       ||     4
  Eat: Royal jelly       |       |       |     2 |       |       ||     2
       Fruit             |       |       |       |       |     6 ||     6
Armor: Robe              |     1 |       |     1 |     4 |     8 ||    14
Dodge: Dodged            |    13 |     5 |    64 |    99 |   119 ||   300
Block: Other             |       |       |     6 |     4 |     5 ||    15
